 Dungeon Crawl Stone Soup version 0.21.1-1-g345015f (webtiles) character file.

210870 Monsterracer the Devastator (level 18, -4/107 HPs)
             Began as a Deep Elf Wizard on May 8, 2018.
             Was the Champion of Vehumet.
             Slain by a sea snake (13 damage)
             ... on level 4 of the Shoals on May 9, 2018.
             The game lasted 01:07:30 (47804 turns).

Monsterracer the Devastator (Deep Elf Wizard)      Turns: 47804, Time: 01:07:31

Health: -4/107     AC: 14    Str:  4    XL:     18   Next: 19%
Magic:  33/39      EV: 20    Int: 32    God:    Vehumet [******]
Gold:   958        SH:  6    Dex: 13    Spells: 5/48 levels left

rFire    + + .     SeeInvis .   a - staff of conjuration {!a}
rCold    x x .     Gourm    .   (no shield)
rNeg     . . .     Faith    .   I - +2 robe {MR+}
rPois    .         Spirit   .   M - +2 helmet
rElec    .         Reflect  +   x - +1 cloak {+Inv}
rCorr    .         Harm     .   P - +1 pair of gloves
MR       ++...                  n - +2 pair of boots
Stlth    +.........             k - +6 amulet of reflection
HPRegen  0.27/turn              Q - ring of fire
MPRegen  0.26/turn              G - ring of fire

@: very slow
A: no striking features
}: 1/15 runes: serpentine
a: Renounce Religion, Evoke Invisibility


You were on level 4 of the Shoals.
You worshipped Vehumet.
Vehumet was exalted by your worship.
You were not hungry.

You visited 5 branches of the dungeon, and saw 30 of its levels.
You also visited: Labyrinth.

You collected 3157 gold pieces.
You spent 2199 gold pieces at shops.

Inventory:

Hand Weapons
 w - the +0 fustibalus "Jalosod" {venom, rC+}
   (You found it on level 6 of the Lair of Beasts)

   It poisons the ammo it fires.
   It protects you from cold.
Armour
 n - a +2 pair of boots (worn)
 v - a +2 ring mail of fire resistance
 x - a +1 cloak of invisibility (worn)
 I - a +2 robe of magic resistance (worn)
 M - a +2 helmet (worn)
 P - a +1 pair of gloves (worn)
Magical Staves
 a - an uncursed staff of conjuration (weapon) {!a}
Jewellery
 b - an uncursed ring of resist corrosion
 i - a cursed ring of protection from fire {!d}
 k - a +6 amulet of reflection (around neck)
 G - a ring of fire (right hand)
 Q - a ring of fire (left hand)
 R - an uncursed ring of ice
 S - an uncursed ring of poison resistance {!d}
 T - the amulet of Resumed Hostilities {Gourm +Blink +Fly rElec Str+4}
   (You bought it in a shop on level 1 of the Snake Pit)

   [amulet of the gourmand]

   It allows you to eat raw meat even when not hungry.
   It affects your strength (+4).
   It insulates you from electricity.
   It lets you fly.
   It lets you blink.
Wands
 d - a wand of disintegration (26)
 h - a wand of acid (25)
 p - a wand of polymorph (53)
 y - a wand of iceblast (32)
 C - a wand of flame (70)
 D - a wand of clouds (6)
 F - a wand of enslavement (15)
 N - a wand of paralysis (21)
Scrolls
 g - 15 scrolls of teleportation
 j - 9 scrolls of fear {!r}
 l - 12 scrolls of remove curse
 m - a scroll of enchant armour
 E - 8 scrolls of identify
 J - 2 scrolls of magic mapping {!r}
 L - a scroll of fog
 O - a scroll of blinking
Potions
 e - 2 potions of lignification
 f - 6 potions of curing
 o - 2 potions of resistance
 q - 5 potions of brilliance
 r - 4 potions of berserk rage {!q}
 s - 4 potions of magic
 t - 3 potions of heal wounds
 u - a potion of haste
 z - 7 potions of flight
 A - a potion of ambrosia {!q}
 H - a potion of might
 K - a potion of cancellation
 U - 2 potions of agility
Comestibles
 c - 38 rations


   Skills:
 + Level 10.0 Fighting
 + Level 13.7 Dodging
 - Level 2.4 Stealth
 + Level 15.9 Spellcasting
 * Level 18.7 Conjurations
   Level 1.1 Summonings
 - Level 3.0 Translocations
   Level 7.6 Transmutations
 + Level 17.3 Fire Magic
 - Level 5.0 Ice Magic
 - Level 5.0 Air Magic
 - Level 5.0 Earth Magic


You had 5 spell levels left.
You knew the following spells:

 Your Spells              Type           Power        Failure   Level  Hunger
a - Flame Tongue          Conj/Fire      #####        0%          1    None
b - Conjure Flame         Conj/Fire      ########     0%          3    None
c - Static Discharge      Conj/Air       ########     1%          3    None
d - Fireball              Conj/Fire      #########.   1%          5    None
e - Blink                 Tloc           N/A          1%          2    None
f - Orb of Destruction    Conj           ########..   1%          7    ####...
g - Mephitic Cloud        Conj/Pois/Air  #######.     1%          3    None
h - Ignition              Fire           ########..   2%          8    ######.
i - Throw Icicle          Conj/Ice       ########     1%          4    None
j - Bolt of Magma         Conj/Fire/Erth #########.   1%          5    None
u - Swiftness             Chrm/Air       #####...     1%          2    None


Dungeon Overview and Level Annotations

Branches:
Dungeon (14/15)            Temple (0/1) D:6            Lair (6/6) D:10
 Shoals (4/4) Lair:3        Snake (4/4) Lair:4        Slime (0/5) Lair:5
    Orc (2/2) D:10            Elf (0/3) Orc:2        Vaults (0/5) D:14

Altars:
Cheibriados
Dithmenos
Fedhas
Gozag
Hepliaklqana
Makhleb
Nemelex Xobeh
Okawaru
Ru
Trog
Vehumet
Xom
Yredelemnul
Beogh

Shops:
D:5 [}(?   D:7 [   D:8 [   D:10 *   Orc:1 %**([   Orc:2 ?}%(   Snake:1 [=}=

Portals:
Pandemonium: Orc:2


Message History

The merfolk shouts! x2; You hear a shout!
The harpy completely misses you. The harpy claws you.
The harpy closely misses you. x2; The harpy completely misses you. x2
The sea snake completely misses you.
The merfolk throws a tomahawk.
The tomahawk completely misses you.
The tomahawk hits the harpy!!
You hear a splash.
The merfolk throws a tomahawk.
The tomahawk barely misses you.
The tomahawk barely misses the sea snake.
The harpy barely misses you. The harpy claws you!
The merfolk aquamancer points at you and mumbles some strange words.
The torrent of water misses you.
The torrent of water hits the harpy.
The harpy is knocked back by the torrent of water.
The wave splashes down.
The merfolk shouts!
You hear a shout! x4
You climb downwards.
The harpy screeches!
There is a stone staircase leading up here.
Unknown command.
Unknown command.
You take 13 damage, and have 65/107 hp.
Unknown command.
Unknown command.
Casting: Fireball
Confirm with . or Enter, or press ? or * to list all spells.
You feel a surge of power!
The sea snake is struck by lightning.
The sea snake is lightly wounded.
The lightning arcs!
The harpy is struck by lightning.
The harpy is almost dead.
The lightning arcs!
The sea snake is struck by lightning.
The sea snake is lightly wounded.
The lightning arcs!
You are struck by lightning.
The lightning grounds out.
The harpy is struck by lightning.
You kill the harpy!
Vehumet accepts your kill.
You feel your power returning.
The lightning arcs!
The sea snake is struck by lightning.
The sea snake is moderately wounded.
The lightning arcs!
You are struck by lightning.
The lightning arcs!
The harpy is struck by lightning.
The harpy is lightly wounded.
The lightning grounds out.
The harpy is struck by lightning.
The harpy is almost dead.
The lightning grounds out.
The harpy is struck by lightning.
The harpy is moderately wounded.
The lightning arcs!
You are struck by lightning.
The lightning grounds out.
The merfolk aquamancer is struck by lightning.
The merfolk aquamancer is moderately wounded.
The lightning arcs!
You are struck by lightning.
The lightning arcs!
The sea snake is struck by lightning.
The sea snake is heavily wounded.
The lightning arcs!
You are struck by lightning.
* * * LOW HITPOINT WARNING * * *
The lightning grounds out.
The harpy completely misses you.
The harpy misses you. x2; The harpy claws you but does no damage.
The sea snake bites you.
* * * LOW HITPOINT WARNING * * *
You are poisoned.
The sea snake poisons you! The harpy claws you!
* * * LOW HITPOINT WARNING * * *
The harpy claws you but does no damage. The sea snake barely misses you.
You block the merfolk aquamancer's attack.
You take 27 damage, and have 38/107 hp.
MASSIVE DAMAGE!!
You now have 38/39 mp.
Casting: Static Discharge
Confirm with . or Enter, or press ? or * to list all spells.
You blink.
Splash!
You fall into the shallow water.
Moving in this stuff is going to be slow.
You feel very sick. The harpy closely misses you. You block the harpy's attack.
The harpy closely misses you. You block the harpy's attack.
You take 3 damage, and have 35/107 hp.
You now have 36/39 mp.
Unknown command.
Casting: Blink
Confirm with . or Enter, or press ? or * to list all spells.
Aiming: Fireball
Press: ? - help, Shift-Dir - straight line You feel a huge surge of power!
The fireball explodes!
The fireball engulfs the merfolk aquamancer.
The merfolk aquamancer is severely wounded.
The fireball engulfs the harpy.
You kill the harpy!
Vehumet accepts your kill.
The fireball engulfs the harpy.
You kill the harpy!
Vehumet accepts your kill.
You feel your power returning.
You feel sick.
You hear an angry hiss.
The merfolk aquamancer is engulfed in a cloud of scalding steam.
You take 1 damage, and have 34/107 hp.
You now have 33/39 mp.
Unknown command.
You feel very sick.
The merfolk aquamancer is engulfed in a cloud of scalding steam.
The merfolk aquamancer casts a spell at you.
The shard of ice hits you!
You feel a painful chill!
* * * LOW HITPOINT WARNING * * *
The sea snake is engulfed in a cloud of scalding steam.
You take 32 damage, and have 2/107 hp.
MASSIVE DAMAGE!!
You feel better. The sea snake bites you!
You die...

....≈P≈≈≈≈≈≈≈≈≈≈≈≈≈≈≈
#P.≈≈≈≈≈≈≈≈≈≈≈≈≈≈≈≈
##...≈≈≈≈≈≈≈≈≈≈≈≈≈≈
###..≈≈≈≈≈≈≈≈≈≈≈..
##..≈≈≈≈≈..≈≈≈. .#
##.≈≈≈≈≈...≈≈
...#####.§§§≈......≈
≈≈.P.....§≈§.......≈≈
≈≈≈≈≈≈≈S.§mS@.###..≈≈≈
≈≈≈≈≈≈≈<:§≈≈≈≈.....≈≈≈
≈≈≈≈≈≈≈≈≈≈≈≈≈≈......≈≈≈
≈≈≈≈≈≈≈≈≈≈≈≈≈≈........≈
≈≈≈≈≈≈≈≈≈≈≈≈≈≈.........
≈≈≈≈≈≈≈≈≈≈≈≈≈≈.........
≈≈≈≈≈≈≈≈≈≈≈≈≈≈........≈
≈≈≈≈≈≈≈≈PP#PP≈........≈
≈≈≈≈≈≈≈####≈PP.........≈≈


You could see a sea snake and a merfolk aquamancer.

Vanquished Creatures
  Vashnia (Snake:4)
  Frances (D:13)
  A kraken (Shoals:4)
  9 nagarajas
  Aizul (Snake:1)
  Louise (Shoals:2)
  Snorg (Orc:1)
  A minotaur (Lab)
  A fire dragon (Lair:6)
  Josephine (D:12)
  2 merfolk impalers
  15 naga warriors
  2 vault guards (D:14)
  11 hydras
  9 anacondas
  2 satyrs
  A merfolk avatar (Shoals:1)
  A two-headed ogre (D:12)
  2 merfolk aquamancers
  An alligator snapping turtle (Shoals:4)
  Urug (D:10)
  7 orc high priests (Orc:2)
  3 death yaks (Lair:6)
  8 shock serpents
  23 naga sharpshooters
  A soul eater (Orc:2)
  A salamander mystic (Snake:3)
  10 naga ritualists
  A fire crab (Lair:4)
  10 sea snakes
  A wizard (D:14)
  An infernal demonspawn (Orc:2)
  2 unseen horrors
  A lindwurm (Lair:6)
  11 harpies
  2 necromancers (D:14)
  5 orc knights (Orc:2)
  12 mana vipers
  2 deep elf magi
  5 oklob plants
  8 ugly things
  5 orc sorcerers (Orc:2)
  11 fauns
  A cyclops (Shoals:4)
  7 manticores
  11 salamanders
  3 centaur zombies
  15 elephants
  5 water nymphs
  8 guardian serpents
  4 merfolk sirens
  30 naga magi
  37 black mambas
  2 molten gargoyles (Lair:6)
  2 rime drakes
  The ghost of vatarom the Covered, a novice FoGl (D:6)
  9 spiny frogs
  A kobold demonologist (D:14)
  12 komodo dragons
  9 merfolk
  A polar bear (Lair:2)
  6 trolls
  A wind drake (Shoals:4)
  3 snapping turtles
  20 blink frogs
  13 hippogriffs
  8 dream sheep
  2 shadows (Lab)
  A redback (Lab)
  A ynoxinul (Orc:2)
  5 wraiths (D:12)
  A vampire (D:11)
  8 water elementals
  4 wyverns
  20 humans
  11 basilisks
  38 yaks
  A chaos spawn (Orc:2)
  3 hogs (D:8)
  A steam dragon (Lair:6)
  A hungry ghost (D:14)
  4 vampire mosquitoes (D:12)
  7 wargs
  52 nagas
  A soldier ant (D:12)
  12 water moccasins
  6 hell hounds
  11 porcupines
  The ghost of salinator123 the Poker, an amateur TrBe of Trog (D:3)
  33 orc warriors
  2 black bears
  3 ice beasts
  3 sky beasts
  2 necrophages
  20 centaurs
  11 ogres
  3 phantoms
  21 wolves
  9 big kobolds
  11 crocodiles
  Blork the orc (D:6)
  15 bullfrogs
  A wyvern skeleton (D:13)
  6 scorpions
  9 killer bees
  9 wights
  7 howler monkeys
  An electric eel (Lair:3)
  6 lava snakes
  2 crimson imps
  3 bullfrog zombies
  A quasit (D:12)
  6 hounds
  3 gnoll shamans (D:8)
  22 orc priests
  A centaur skeleton (D:11)
  3 iron imps (D:9)
  17 jellies
  13 orc wizards
  Jessica (D:3)
  A bullfrog skeleton (D:12)
  An iguana (D:7)
  5 worker ants
  An ogre skeleton (Lab)
  3 hound skeletons
  A howler monkey zombie (D:9)
  A worker ant zombie (D:11)
  26 gnolls
  16 adders
  5 shadow imps
  3 oozes
  2 adder zombies
  A worm (D:2)
  2 dart slugs
  7 leopard geckos
  97 orcs
  2 ball pythons
  3 bats
  3 giant cockroaches
  14 goblins
  6 hobgoblins
  14 jackals
  4 quokkas
  6 frilled lizards
  2 gnoll zombies (D:8)
  28 kobolds
  10 rats
  A butterfly (D:6)
  7 fungi
  26 plants
  A tentacle (Shoals:4)
1139 creatures vanquished.

Vanquished Creatures (others)
  A bullfrog skeleton (D:10)
  16 fungi
  20 plants
  4 tentacles (Shoals:4)
41 creatures vanquished.

Grand Total: 1180 creatures vanquished

Notes
Turn   | Place    | Note
-------+----------+-------------------------------------------
     0 | D:1      | Monsterracer the Deep Elf Wizard began the quest for the Orb.
     0 | D:1      | Reached XP level 1. HP: 10/10 MP: 7/7
   163 | D:1      | Reached skill level 2 in Conjurations
   463 | D:1      | Reached XP level 2. HP: 15/15 MP: 5/9
  1074 | D:2      | Reached skill level 3 in Conjurations
  1231 | D:2      | Reached XP level 3. HP: 19/19 MP: 6/10
  1235 | D:2      | Learned a level 2 spell: Blink
  1239 | D:2      | Learned a level 3 spell: Conjure Flame
  1243 | D:2      | Learned a level 3 spell: Mephitic Cloud
  1285 | D:2      | Found a shadowy altar of Dithmenos.
  1550 | D:3      | Reached skill level 4 in Conjurations
  1550 | D:3      | Reached skill level 1 in Fire Magic
  1550 | D:3      | Reached XP level 4. HP: 22/24 MP: 2/12
  1684 | D:3      | Noticed Jessica
  1686 | D:3      | Killed Jessica
  1895 | D:3      | Found a sparkling altar of Nemelex Xobeh.
  2112 | D:3      | Reached XP level 5. HP: 25/28 MP: 10/13
  2439 | D:3      | Noticed salinator123's ghost (amateur TrBe)
  2475 | D:3      | HP: 10/28 [salinator123's ghost (7)]
  2481 | D:3      | Killed salinator123's ghost
  2481 | D:3      | Reached skill level 5 in Conjurations
  3135 | D:2      | Reached XP level 6. HP: 32/32 MP: 4/14
  3405 | D:4      | Reached skill level 6 in Conjurations
  3499 | D:4      | Found a radiant altar of Vehumet.
  3502 | D:4      | Became a worshipper of Vehumet
  3729 | D:4      | Reached skill level 5 in Spellcasting
  3783 | D:4      | HP: 10/32 [phantom (7)]
  3792 | D:4      | Reached XP level 7. HP: 12/36 MP: 6/16
  4420 | D:4      | Reached skill level 7 in Conjurations
  4478 | D:4      | You fall through a shaft for 3 floors!
  4590 | D:5      | Entered Level 5 of the Dungeon
  4608 | D:5      | Found a hazy altar of Hepliaklqana.
  4644 | D:5      | Found Kafo's Gadget Boutique.
  4717 | D:5      | HP: 17/36 [wight/falchion (7)]
  4737 | D:5      | HP: 17/36 [wight/falchion (3)]
  4748 | D:5      | Found Bofe's Weapon Shop.
  4753 | D:4      | HP: 16/36 [leopard gecko (2)]
  4767 | D:4      | HP: 10/36 [wight/falchion (6)]
  4782 | D:4      | HP: 10/36 [wight/falchion (2)]
  5252 | D:5      | Found a shimmering altar of Xom.
  5271 | D:5      | Reached * piety under Vehumet
  5271 | D:5      | Offered knowledge of Flame Tongue by Vehumet.
  5274 | D:5      | Learned a level 1 spell: Flame Tongue
  5408 | D:5      | HP: 16/36 [wight/dire flail of freezing (5)]
  5409 | D:5      | Reached XP level 8. HP: 14/41 MP: 14/19
  5637 | D:5      | Found a shimmering altar of Xom.
  5637 | D:5      | Found a shimmering altar of Xom.
  5637 | D:5      | Found a shimmering altar of Xom.
  5637 | D:5      | Found a shimmering altar of Xom.
  5637 | D:5      | Found a shimmering altar of Xom.
  5637 | D:5      | Found a shimmering altar of Xom.
  5646 | D:5      | Reached skill level 5 in Fire Magic
  5753 | D:5      | Found Xenymues's Magic Scroll Shop.
  5759 | D:5      | Bought a scroll of teleportation for 42 gold pieces
  5759 | D:5      | Bought a scroll of teleportation for 42 gold pieces
  5813 | D:5      | Reached skill level 8 in Conjurations
  5841 | D:5      | HP: 20/41 [ice beast (4)]
  5847 | D:5      | HP: 14/41 [ice beast (2)]
  5847 | D:5      | HP: 3/41 [ice beast (11)]
  6250 | D:5      | Found a sacrificial altar of Ru.
  6364 | D:5      | Found Zeupnim's Armour Boutique.
  6461 | D:6      | Noticed vatarom's ghost (novice FoGl)
  6476 | D:6      | Killed vatarom's ghost
  6581 | D:6      | Found a snail-covered altar of Cheibriados.
  6660 | D:6      | Reached skill level 9 in Conjurations
  6838 | D:6      | Found a staircase to the Ecumenical Temple.
  6853 | D:6      | Noticed Blork the orc
  6861 | D:6      | Killed Blork the orc
  6971 | D:6      | Reached XP level 9. HP: 42/45 MP: 17/22
  7094 | D:6      | Found an opulent altar of Gozag.
  7176 | D:6      | Reached ** piety under Vehumet
  7176 | D:6      | Offered knowledge of Freeze by Vehumet.
  7678 | D:6      | Found a sacrificial altar of Ru.
  7694 | D:6      | Found a bloodstained altar of Trog.
  7695 | D:6      | Found an iron altar of Okawaru.
  7745 | D:7      | Reached skill level 1 in Fighting
  8330 | D:7      | Offered knowledge of Static Discharge by Vehumet.
  8338 | D:7      | Learned a level 3 spell: Static Discharge
  8561 | D:7      | Found Zeakk's Armour Boutique.
  8563 | D:7      | Bought a +0 cloak of invisibility for 161 gold pieces
  8920 | D:8      | Found Lopuwolo's Armour Shop.
  9007 | D:8      | Reached skill level 10 in Conjurations
  9007 | D:8      | Reached skill level 1 in Air Magic
  9191 | D:8      | Reached *** piety under Vehumet
  9586 | D:8      | Reached XP level 10. HP: 54/54 MP: 19/24
  9696 | D:8      | HP: 20/54 [orc warrior/mace (20)]
 10106 | D:8      | Offered knowledge of Throw Icicle by Vehumet.
 10117 | D:8      | Learned a level 4 spell: Throw Icicle
 10139 | D:8      | Found a basalt altar of Yredelemnul.
 10341 | D:8      | HP: 25/54 [/static electricity (3)]
 10599 | D:8      | Reached skill level 1 in Ice Magic
 10599 | D:8      | HP: 26/54 [/static electricity (2)]
 11137 | D:9      | Reached **** piety under Vehumet
 11179 | D:8      | HP: 26/55 [orc warrior/dire flail (9)]
 11212 | D:8      | HP: 16/55 [/static electricity (3)]
 11213 | D:8      | Reached skill level 5 in Dodging
 11438 | D:9      | HP: 24/55 [orc warrior/hand axe (15)]
 11499 | D:9      | Offered knowledge of Fireball by Vehumet.
 11910 | D:9      | Found a roughly hewn altar of Beogh.
 11964 | D:9      | HP: 25/56 [centaur/arrow (11)]
 11967 | D:9      | Reached skill level 11 in Conjurations
 12269 | D:9      | Learned a level 5 spell: Fireball
 12435 | D:9      | Found a burning altar of Makhleb.
 12774 | D:10     | Entered Level 10 of the Dungeon
 12829 | D:10     | HP: 28/56 [poisoned by a kobold]
 12835 | D:10     | HP: 27/56 [poisoned by a kobold]
 12842 | D:9      | HP: 27/56 [poisoned by a kobold]
 13155 | D:10     | Found Wimaor's General Store.
 13233 | D:10     | Found a roughly hewn altar of Beogh.
 13243 | D:10     | Reached XP level 11. HP: 40/59 MP: 10/26
 13246 | D:10     | Reached ***** piety under Vehumet
 13249 | D:10     | HP: 27/59 [orc warrior/trident (15)]
 13252 | D:10     | Offered knowledge of Irradiate by Vehumet.
 13263 | D:10     | HP: 25/59 [orc/dagger (4)]
 13270 | D:10     | HP: 26/59 [shadow imp/nerve-wracking pain (1)]
 13278 | D:10     | HP: 20/59 [shadow imp (2)]
 13284 | D:10     | HP: 17/59 [orc wizard/magic dart (4)]
 13290 | D:10     | HP: 14/59 [orc wizard/magic dart (4)]
 13297 | D:10     | HP: 5/59 [orc wizard/magic dart (6)]
 13589 | D:10     | Bought a potion of heal wounds for 85 gold pieces
 13619 | D:10     | Found a staircase to the Orcish Mines.
 13648 | D:10     | Found a staircase to the Lair.
 13677 | D:10     | HP: 40/88 [hell hound (6)]
 13692 | D:10     | HP: 28/88 [hell hound (6)]
 14025 | Lair:1   | Entered Level 1 of the Lair of Beasts
 14032 | Lair:1   | HP: 26/59 [komodo dragon (33)]
 14247 | Lair:1   | HP: 22/59 [wolf (10)]
 14532 | Lair:1   | HP: 29/59 [poisoned by a spiny frog]
 14538 | Lair:1   | HP: 26/59 [poisoned by a spiny frog]
 14543 | Lair:1   | HP: 25/59 [poisoned by a spiny frog]
 14550 | Lair:1   | HP: 25/59 [poisoned by a spiny frog]
 14558 | Lair:1   | HP: 24/59 [poisoned by a spiny frog]
 14804 | Lair:1   | Learned a level 5 spell: Irradiate
 15490 | Lair:2   | Noticed a four-headed hydra
 15559 | Lair:2   | Noticed an eight-headed hydra
 15561 | Lair:2   | HP: 29/59 [hippogriff (6)]
 15564 | Lair:2   | HP: 13/59 [wolf (3)]
 15569 | Lair:1   | HP: 10/60 [poisoned by a water moccasin]
 15574 | Lair:1   | HP: 8/60 [poisoned by a water moccasin]
 15579 | Lair:1   | HP: 7/60 [poisoned by a water moccasin]
 15586 | Lair:1   | HP: 6/60 [poisoned by a water moccasin]
 15594 | Lair:1   | HP: 6/60 [poisoned by a water moccasin]
 15913 | Lair:2   | Reached skill level 10 in Spellcasting
 15937 | Lair:2   | Reached skill level 12 in Conjurations
 15938 | Lair:2   | Killed an eight-headed hydra
 15938 | Lair:2   | Reached skill level 10 in Fire Magic
 15952 | Lair:2   | HP: 29/60 [spiny frog (15)]
 15954 | Lair:1   | HP: 11/60 [spiny frog (18)]
 15955 | Lair:1   | HP: 5/60 [poisoned by a water moccasin]
 16301 | Lair:2   | Killed a four-headed hydra
 16555 | Lair:2   | Reached skill level 1 in Transmutations
 16969 | Lair:3   | Reached skill level 5 in Air Magic
 16983 | Lair:3   | Noticed a six-headed hydra
 16986 | Lair:3   | Reached XP level 12. HP: 67/67 MP: 13/28
 16987 | Lair:3   | Killed a six-headed hydra
 17176 | Lair:3   | Offered knowledge of Freezing Cloud by Vehumet.
 17303 | Lair:3   | Reached skill level 5 in Ice Magic
 17379 | Lair:3   | HP: 30/67 [acid (4)]
 17615 | Lair:3   | Found a staircase to the Shoals.
 17816 | Lair:3   | Noticed an eight-headed hydra
 17819 | Lair:3   | Killed an eight-headed hydra
 17925 | Lair:3   | Reached skill level 5 in Fighting
 18592 | Lair:4   | Found a labyrinth entrance.
 18681 | Lab      | Entered a labyrinth
 18947 | Lab      | Found an exit through the horrors of the Abyss.
 19175 | Lab      | HP: 29/68 [basilisk (8)]
 19185 | Lab      | HP: 29/102 [basilisk (3)]
 19612 | Lab      | Noticed a minotaur
 19616 | Lab      | Killed a minotaur
 19616 | Lab      | Reached skill level 13 in Conjurations
 19961 | Lair:4   | Found a staircase to the Snake Pit.
 20033 | Lair:4   | Noticed an eight-headed hydra
 20035 | Lair:4   | Killed an eight-headed hydra
 20398 | Lair:4   | Noticed a six-headed hydra
 20401 | Lair:4   | Killed a six-headed hydra
 20419 | Lair:4   | Reached XP level 13. HP: 70/73 MP: 13/30
 21302 | Lair:5   | Found a staircase to the Slime Pits.
 21811 | Lair:5   | HP: 34/74 [/static electricity (5)]
 22334 | Lair:6   | Entered Level 6 of the Lair of Beasts
 22414 | Lair:6   | Reached skill level 5 in Transmutations
 22419 | Lair:6   | Reached skill level 14 in Conjurations
 23206 | Lair:6   | Got a shimmering fustibalus
 23218 | Lair:6   | Identified the cursed +0 fustibalus "Jalosod" {venom, rC+} (You found it on level 6 of the Lair of Beasts)
 23229 | Lair:6   | HP: 25/75 [komodo dragon (21)]
 24347 | Lair:6   | Reached XP level 14. HP: 80/80 MP: 10/32
 24627 | Lair:6   | Offered knowledge of Iskenderun's Battlesphere by Vehumet.
 25172 | Lair:6   | Found a large runed door.
 25173 | Lair:6   | Found a large runed door.
 25451 | Lair:4   | Reached skill level 10 in Dodging
 25522 | Orc:1    | Entered Level 1 of the Orcish Mines
 25534 | Orc:1    | Noticed Snorg
 25659 | Orc:1    | Killed Snorg
 25773 | Orc:1    | Found Ponysmesm's Assorted Antiques.
 25804 | Orc:1    | Found Tata's Assorted Antiques.
 25810 | Orc:1    | Found Eruom's Food Emporium.
 25817 | Orc:1    | Bought 3 scrolls labeled AJOEXK AWUMP for 69 gold pieces
 25817 | Orc:1    | Bought a scroll of enchant armour for 172 gold pieces
 25817 | Orc:1    | Bought a dented platinum amulet for 115 gold pieces
 25825 | Orc:1    | Bought a scroll of identify for 46 gold pieces
 26310 | Orc:2    | Entered Level 2 of the Orcish Mines
 26572 | Orc:2    | Reached skill level 15 in Conjurations
 26722 | Orc:2    | Found a staircase to the Elven Halls.
 27236 | Orc:2    | Found Lonwyilu's Magic Scroll Shoppe.
 27237 | Orc:2    | Found Tirghof's Food Emporium.
 27411 | Orc:2    | Offered knowledge of Bolt of Magma by Vehumet.
 27418 | Orc:2    | Learned a level 5 spell: Bolt of Magma
 27465 | Orc:2    | Bought a scroll of teleportation for 30 gold pieces
 27465 | Orc:2    | Bought a scroll of blinking for 75 gold pieces
 27465 | Orc:2    | Bought a scroll of teleportation for 30 gold pieces
 28043 | Orc:2    | Found Winofimo's Antique Weapon Shop.
 28043 | Orc:2    | Found Ywkiddus's Gadget Boutique.
 28044 | Orc:2    | Found a one-way gate leading to the halls of Pandemonium.
 28571 | Orc:1    | Found Asapnira's Weapon Emporium.
 28573 | Orc:1    | Reached skill level 1 in Earth Magic
 28611 | Orc:1    | Found Vopn's Antique Armour Shop.
 28627 | Orc:1    | Bought a slimy leather armour for 168 gold pieces
 28627 | Orc:1    | Bought a pair of embroidered gloves for 180 gold pieces
 28627 | Orc:1    | Identified the +0 leather armour of the Bull {Regen+ Str+6 Int+2} (You bought it in a shop on level 1 of the Orcish Mines)
 28759 | D:10     | Noticed Urug
 28763 | D:10     | Killed Urug
 29671 | D:11     | Found a blossoming altar of Fedhas.
 30678 | D:12     | Noticed Josephine
 30680 | D:12     | Killed Josephine
 30680 | D:12     | Reached XP level 15. HP: 86/86 MP: 17/34
 30942 | D:12     | Reached ****** piety under Vehumet
 30946 | D:12     | Learned a level 2 spell: Swiftness
 30951 | D:12     | Offered knowledge of Orb of Destruction by Vehumet.
 30962 | D:12     | Learned a level 7 spell: Orb of Destruction
 31964 | D:13     | Noticed Frances
 31969 | D:13     | Killed Frances
 32402 | D:13     | Identified Caeceink's Almanac of Summoning
 33637 | D:14     | Offered knowledge of Bolt of Cold by Vehumet.
 33642 | D:14     | Reached skill level 16 in Conjurations
 33863 | D:14     | Found a gate to the Vaults.
 34170 | Snake:1  | Entered Level 1 of the Snake Pit
 34308 | Snake:1  | Reached skill level 15 in Fire Magic
 34309 | Snake:1  | HP: 28/88 [naga sharpshooter/arrow (20)]
 34563 | Lair:4   | HP: 40/88 [something (9)]
 35245 | Snake:1  | Found Anat's Armour Emporium.
 35262 | Snake:1  | Noticed Aizul
 35271 | Snake:1  | Killed Aizul
 35311 | Snake:1  | HP: 44/88 [poisoned by a naga mage (poison arrow)]
 35316 | Snake:1  | HP: 43/88 [poisoned by a naga mage (poison arrow)]
 35323 | Snake:1  | HP: 43/88 [poisoned by a naga mage (poison arrow)]
 35331 | Snake:1  | HP: 43/88 [poisoned by a naga mage (poison arrow)]
 35388 | Snake:1  | HP: 42/88 [naga sharpshooter/arrow (15)]
 35804 | Snake:1  | Found Dahel's Jewellery Emporium.
 35804 | Snake:1  | Found Saxeul Jesi's Gadget Shop.
 35805 | Snake:1  | Found Jeakk's Jewellery Emporium.
 35811 | Snake:1  | Bought the amulet of Resumed Hostilities {Gourm +Blink +Fly rElec Str+4} for 984 gold pieces
 36139 | Snake:2  | Noticed a nagaraja
 36141 | Snake:2  | Killed a nagaraja
 36141 | Snake:2  | Reached XP level 16. HP: 93/93 MP: 28/36
 36612 | Snake:2  | Reached skill level 5 in Earth Magic
 36956 | Snake:2  | Offered knowledge of Bolt of Fire by Vehumet.
 37087 | Snake:2  | Found a flickering gateway to a bazaar.
 38337 | Snake:2  | HP: 44/94 [/static electricity (4)]
 38542 | Snake:3  | HP: 35/94 [shock serpent/bolt of electricity (19)]
 38827 | Snake:3  | Reached skill level 17 in Conjurations
 39638 | Snake:3  | HP: 35/95 [naga sharpshooter/arrow (17)]
 39643 | Snake:3  | HP: 34/95 [poisoned by a naga (splash of poison)]
 39648 | Snake:3  | HP: 33/95 [naga sharpshooter/arrow (10)]
 39650 | Snake:3  | HP: 8/95 [naga sharpshooter/arrow (10)]
 39656 | Snake:3  | HP: 23/95 [poisoned by a naga sharpshooter (splash of poison)]
 39662 | Snake:3  | HP: 23/95 [poisoned by a naga sharpshooter (splash of poison)]
 39669 | Snake:3  | HP: 22/95 [poisoned by a naga sharpshooter (splash of poison)]
 40700 | Snake:4  | Entered Level 4 of the Snake Pit
 40705 | Snake:4  | HP: 47/95 [naga mage/spear (14)]
 40711 | Snake:3  | HP: 46/95 [poisoned by a naga (splash of poison)]
 40719 | Snake:3  | HP: 46/95 [poisoned by a naga (splash of poison)]
 40924 | Snake:4  | HP: 44/95 [naga sharpshooter/bolt (9)]
 40930 | Snake:3  | HP: 28/95 [poisoned by a naga mage (poison arrow)]
 40937 | Snake:3  | HP: 28/95 [poisoned by a naga mage (poison arrow)]
 40945 | Snake:3  | HP: 28/95 [poisoned by a naga mage (poison arrow)]
 41217 | Snake:4  | HP: 46/95 [anaconda (10)]
 41222 | Snake:3  | HP: 43/95 [poisoned by a naga ritualist (toxic radiance)]
 41227 | Snake:3  | HP: 37/95 [naga sharpshooter/uncursed battleaxe (4)]
 41229 | Snake:3  | HP: 17/95 [mana viper (16)]
 41237 | Snake:3  | HP: 12/95 [poisoned by a naga ritualist (toxic radiance)]
 41238 | Snake:3  | HP: 1/95 [mana viper (9)]
 41910 | Snake:4  | Reached XP level 17. HP: 100/100 MP: 22/37
 42067 | Snake:4  | HP: 32/100 [naga sharpshooter/bolt (32)]
 42073 | Snake:3  | HP: 31/100 [poisoned by a nagaraja (splash of poison)]
 42081 | Snake:3  | HP: 31/100 [poisoned by a nagaraja (splash of poison)]
 42344 | Snake:4  | Reached skill level 15 in Spellcasting
 42760 | Snake:4  | Offered knowledge of Glaciate by Vehumet.
 42760 | Snake:4  | Offered knowledge of Shatter by Vehumet.
 42760 | Snake:4  | Offered knowledge of Ignition by Vehumet.
 42775 | Snake:4  | HP: 37/100 [naga sharpshooter/bolt (17)]
 43119 | Snake:4  | Got a serpentine rune of Zot
 43694 | Snake:4  | Reached skill level 18 in Conjurations
 43697 | Snake:4  | Noticed Vashnia
 43875 | Snake:4  | HP: 50/100 [poisoned by Vashnia (splash of poison)]
 43875 | Snake:4  | HP: 24/100 [Vashnia/arrow (2)]
 43878 | Snake:4  | Killed Vashnia
 43878 | Snake:4  | HP: 9/100 [salamander/arrow (14)]
 43884 | Snake:4  | HP: 5/100 [poisoned by Vashnia (splash of poison)]
 43890 | Snake:4  | HP: 5/100 [poisoned by Vashnia (splash of poison)]
 43898 | Snake:4  | HP: 5/100 [poisoned by Vashnia (splash of poison)]
 44767 | Shoals:1 | Entered Level 1 of the Shoals
 44773 | Shoals:1 | HP: 39/100 [snapping turtle (20)]
 44975 | Shoals:1 | HP: 39/100 [sea snake (14)]
 44976 | Shoals:1 | HP: 14/100 [merfolk aquamancer/shard of ice (22)]
 45300 | Shoals:1 | HP: 39/100 [merfolk aquamancer/shard of ice (39)]
 45306 | Lair:3   | HP: 35/100 [poisoned by a merfolk]
 45312 | Lair:3   | HP: 33/100 [poisoned by a merfolk]
 45320 | Lair:3   | HP: 34/100 [poisoned by a merfolk]
 45328 | Lair:3   | HP: 34/100 [poisoned by a merfolk]
 45822 | Shoals:1 | Learned a level 8 spell: Ignition
 46431 | Shoals:2 | Noticed Louise
 46434 | Shoals:2 | Killed Louise
 46524 | Shoals:2 | Got a brightly glowing long sword
 47065 | Shoals:3 | Reached XP level 18. HP: 107/107 MP: 33/39
 47344 | Shoals:4 | Entered Level 4 of the Shoals
 47502 | Shoals:4 | Reached skill level 10 in Fighting
 47800 | Shoals:4 | HP: 52/107 [/static electricity (2)]
 47803 | Shoals:4 | HP: 2/107 [merfolk aquamancer/shard of ice (28)]
 47804 | Shoals:4 | Slain by a sea snake

Skill      XL: |  1  2  3  4  5  6  7  8  9 10 11 12 13 14 15 16 17 18 |
---------------+-------------------------------------------------------+-----
Conjurations   | 2 3 4 5 6 7 9 10 11 12 13 14 15 16 17 18 | 18.7
Fire Magic     | 1 2 3 4 7 8 9 10 11 13 14 15 16 17 | 17.3
Spellcasting   | 5 6 7 8 9 10 11 12 13 14 15 | 15.9
Dodging        | 4 5 7 8 9 10 11 12 13 | 13.7
Fighting       | 2 3 4 5 6 7 8 9 10 | 10.0
Air Magic      | 2 3 5 |  5.0
Ice Magic      | 2 4 5 |  5.0
Transmutations | 1 4 5 6 7 |  7.6
Earth Magic    | 1 4 5 |  5.0
Translocations | 2 3 |  3.0
Stealth        | |  2.4
Summonings     | |  1.1

Action                   |  1- 3 |  4- 6 |  7- 9 | 10-12 | 13-15 | 16-18 || total
-------------------------+-------+-------+-------+-------+-------+-------++-------
Melee: Dagger            |       |     2 |     2 |       |       |       ||     4
       Scimitar          |       |       |     7 |     4 |       |       ||    11
       Staff             |       |       |       |     5 |    19 |       ||    24
 Cast: Magic Dart        |    71 |   142 |    97 |       |       |       ||   310
       Conjure Flame     |       |     1 |     8 |     4 |       |       ||    13
       Flame Tongue      |       |       |   265 |   373 |   197 |     5 ||   840
       Mephitic Cloud    |       |       |     1 |       |       |       ||     1
       Static Discharge  |       |       |     2 |    38 |     9 |    15 ||    64
       Fireball          |       |       |       |    84 |   367 |   341 ||   792
       Throw Icicle      |       |       |       |    11 |    29 |    20 ||    60
       Blink             |       |       |       |     4 |     3 |     1 ||     8
       Irradiate         |       |       |       |     2 |    42 |    21 ||    65
       Bolt of Magma     |       |       |       |       |    10 |     9 ||    19
       Orb of Destructio |       |       |       |       |     1 |     3 ||     4
Evoke: Wand              |       |       |       |     2 |       |     7 ||     9
  Use: Scroll            |       |     8 |     8 |    12 |     9 |     7 ||    44
       Potion            |       |       |       |     3 |       |     5 ||     8
  Eat: Chunk             |     2 |     7 |    14 |    31 |    44 |    15 ||   113
       Ration            |       |       |     1 |     3 |     4 |     6 ||    14
Armor: Robe              |     3 |     1 |    23 |    49 |    39 |    26 ||   141
       Skin              |       |       |       |    26 |       |       ||    26
Dodge: Dodged            |     6 |     7 |    74 |   174 |   128 |   155 ||   544
Block: Other             |       |       |    33 |    99 |    71 |    43 ||   246
       Reflection        |       |       |     1 |     7 |     9 |    15 ||    32
       Rpst.: Scimitar   |       |       |    17 |    15 |       |       ||    32

Vault maps used:
D:1:      sevenhm_arrival_forest_fort_small_5
D:2:      grunt_dithmenos_smoke, first_ration
D:3:      nemelex_xobeh_ov_fountains_minmay, uniq_jessica
D:4:      kennysheep_mini_moat
D:5:      cheibrodos_quashed, nicolae_xom_altar_mimics, lemuel_crystal_altar,
          nicolae_overflow_crystal_walls, serial_shops, nicolae_shop_crystal,
          shop_statue, shop, kennysheep_mini
D:6:      grunt_temple_overflow_bloody_war, overflow_temple_1_default,
          overflow_temple_1_default, minmay_temple_entry_butterflies,
          nicolae_ru_the_path_less_chosen, uniq_blork_the_orc
D:7:      serial_shops, nicolae_shop_trees
D:8:      kennysheep_seaside_town, lemuel_zombie_altar_yredelemnul,
          grunt_livestock, kennysheep_windowed_goal
D:9:      demons_altar, palyth_stone_intersect
D:10:     minmay_lair_entry_lava, david_orc_5, serial_shops,
          nicolae_shop_waterfront, uniq_urug
D:11:     fedhas_bush_and_centaur_altar
D:12:     uniq_josephine
D:13:     minmay_misc_feat_x, uniq_frances
D:14:     grunt_vaults_entry_tiered, kennysheep_crisscross
Lair:1:   serial_bayou_pond_a
Lair:2:   grunt_megastairs_5, serial_bayou_shore_b
Lair:3:   minmay_shoals_entry_centaurs, serial_bayou_lagoon_b,
          lemuel_fruit_fields, minmay_lair_oklob_chamber
Lair:4:   guppyfry_snake_entry_garden, lab_entry_generic, lemuel_fruit_fields,
          serial_bayou_shore_a, infiniplex_staircase_pool
Lair:5:   minmay_slime_entry_jelly_boxes, small_statue_intersection
Lair:6:   cheibrodos_lair_end_hotspot
Shoals:2: uniq_louise
Shoals:4: shoals_end_grunt_garden, shoals_ilsuiw_ice
Snake:1:  serial_shops, shop, minmay_shop_grove, uniq_aizul
Snake:2:  serial_shops, bzr_in_the_mist
Snake:3:  st_stairs_1
Snake:4:  snake_pit, portal_ice_cave_entry_pillars_1, guppyfry_snake_island,
          uniq_vashnia
Orc:1:    cheibrodos_orc_guarddog, serial_shops, shop, shop, shop, shop,
          nicolae_shop_overgrown_old_shop, uniq_snorg
Orc:2:    pf_orc_diabolical
Lab:      labyrinth_watery, nicolae_lab_x, nicolae_lab_swirl,
          nicolae_lab_very_dead_end, labyrinth_fake_exit, nicolae_lab_arrow,
          nicolae_lab_starburst, labyrinth_lava_lair
